 Dungeon Crawl Stone Soup version 0.17-a0-1554-g3b847ca (webtiles) character file.

42 Lathuz the Sneak (level 3, -1/16 HPs)
             Began as a Spriggan Enchanter on July 19, 2015.
             Slain by a goblin
             ... wielding a +0 club
             ... led by Robin
              (3 damage)
             ... on level 2 of the Dungeon.
             The game lasted 00:03:09 (858 turns).

Lathuz the Sneak (Spriggan Enchanter)                Turns: 858, Time: 00:03:09

Health: -1/16      AC:  3    Str:  4    XL:     3   Next: 35%
Magic:  8/8        EV: 18    Int: 17    God:
Gold:   30         SH:  0    Dex: 16    Spells: 1 memorised, 6 levels left

rFire  . . .     SeeInvis +     h - +0 short sword
rCold  . . .     Clarity  .     b - +1 robe
rNeg   . . .     SustAt   .     (shield restricted)
rPois  .         Gourm    .     (helmet restricted)
rElec  .         Spirit   .     (no cloak)
rCorr  .         Warding  .     (gloves unavailable)
rMut   .         Stasis   .     (boots unavailable)
MR     .....                    (no amulet)
Stlth  ++++......               (no ring)
                                (no ring)

@: very quick, not resistant to hostile enchantments, stealthy
A: unfitting armour, see invisible, herbivore 3, speed 3, slow metabolism 2
a: no special abilities


You were on level 2 of the Dungeon.
You were not hungry.

You visited 1 branch of the dungeon, and saw 2 of its levels.

You collected 30 gold pieces.

Inventory:

Hand weapons
 a - a +1 dagger
 h - a +0 short sword (weapon)
Armour
 b - a +1 robe (worn)
Scrolls
 i - a scroll of blinking {unknown}
 m - a scroll of magic mapping {unknown}
 n - a scroll of identify {unknown}
Potions
 g - a potion of agility {unknown}
 j - a potion of degeneration {unknown}
 k - a potion of brilliance {unknown}
Books
 c - a book of Maledictions

   Spells                             Type                      Level
   a - Corona                         Hexes                        1
   b - Ensorcelled Hibernation        Hexes/Ice                    2
   c - Confuse                        Hexes                        3
   d - Tukima's Dance                 Hexes                        3
   e - Dazzling Spray                 Conjuration/Hexes            3
Comestibles
 d - a bread ration
 f - a slice of pizza
 o - a beef jerky


   Skills:
 - Level 1.1 Short Blades
 - Level 3.0 Dodging
 + Level 6.8 Stealth
 - Level 2.6 Spellcasting
 - Level 3.6 Hexes


You had 6 spell levels left.
You knew the following spells:

 Your Spells              Type           Power        Failure   Level  Hunger
a - Corona                Hex            ##.....      4%          1    #......


Dungeon Overview and Level Annotations

Branches:
Dungeon (2/15)

Altars:

Annotations:
D:2 Robin


Innate Abilities, Weirdness & Mutations

You are tiny and cannot use many weapons and most armour.
You have supernaturally acute eyesight.
You are a herbivore.
You cover ground extremely quickly.
You need consume almost no food.


Message History

You are too injured to fight recklessly!
You are too injured to fight recklessly!
You are too injured to fight recklessly!
You are too injured to fight recklessly!
Drink which item? (? for menu, Esc to quit)
Okay, then.
Read which item? (? for menu, Esc to quit)
As you read the scroll labeled CASU TOMPUSH, it crumbles to dust.
The scroll dissolves into smoke.
It was a scroll of fog.
The goblin misses you. The goblin misses you. The goblin barely misses you.
The bat barely misses you. The goblin misses you.
Read which item? (? for menu, Esc to quit)
As you read the scroll labeled KIFONI ONIBBO, it crumbles to dust.
It is a scroll of recharging.
You aren't carrying any rechargeable items.
The bat completely misses you. The bat closely misses you.
The goblin closely misses you. The goblin hits you with a dagger.
* * * LOW HITPOINT WARNING * * *
The goblin hits you with a club.
You die...

#... #.. ### #..
... ... ..#
#.##..#
#######§#...#
.....§ggbgg.#..
#@#......
#gggg.......
#§#g......b
#.#g....[.
#[#.#'#..#
#.#...#..# #
#.#.#.#..#
#.##'#......####
#......#........


You could see Robin, 8 goblins and a bat.

Vanquished Creatures
  An adder (D:2)
  2 oozes
  A ball python (D:1)
  5 bats
  A giant cockroach (D:2)
  3 goblins
  4 hobgoblins
  4 kobolds (D:1)
  A giant newt (D:1)
  A rat (D:1)
23 creatures vanquished.

Notes
Turn   | Place    | Note
--------------------------------------------------------------
     0 | D:1      | Lathuz the Spriggan Enchanter began the quest for the Orb.
     0 | D:1      | Reached XP level 1. HP: 9/9 MP: 5/5
    74 | D:1      | Reached skill level 5 in Stealth
   195 | D:1      | Reached XP level 2. HP: 13/13 MP: 6/6
   427 | D:1      | Reached skill level 6 in Stealth
   739 | D:2      | Reached XP level 3. HP: 13/16 MP: 8/8
   836 | D:2      | Noticed Robin
   858 | D:2      | Slain by a goblin

Vault maps used:
D:1:      lemuel_arrival_room
D:2:      st_stairs_10, uniq_sigmund, uniq_robin

Action                   || total
-------------------------++-------
Melee: Dagger            ||     5
       Short sword       ||    85
 Cast: Corona            ||     1
  Use: Scroll            ||     2
 Stab: Sleeping          ||     9
